 Dungeon Crawl Stone Soup version 0.25-a0-110-ge29c8f2358 (webtiles) character file.

Game seed: 14415276110551981925, levelgen mode: deterministic

7866 MisterFreud the Blocker (level 11, -1/91 (92) HPs)
             Began as a Troll Hunter on Nov 19, 2019.
             Was a High Priest of Okawaru.
             Killed from afar by an electric eel (14 damage)
             ... with a bolt of electricity
             ... on level 1 of the Lair of Beasts.
             The game lasted 00:14:02 (6772 turns).

MisterFreud the Blocker (Troll Hunter)              Turns: 6772, Time: 00:14:02

HP:   -1/91 (92)    AC: 10    Str: 23    XL:     11   Next: 2%
MP:   10/10         EV: 12    Int: 10    God:    Okawaru [*****.]
Gold: 519           SH: 22    Dex: 12    Spells: 10/10 levels left

rFire    . . .     SeeInvis .     - Unarmed
rCold    + . .     Gourm    +   j - +0 large shield
rNeg     + . .     Faith    .   l - +0 troll leather armour
rPois    .         Spirit   .   q - +2 hat {Int+3}
rElec    .         Reflect  +   (no cloak)
rCorr    .         Harm     .   (gloves unavailable)
MR       .....                  (boots unavailable)
Stlth    +.........             H - +5 amulet of reflection
HPRegen  1.05/turn              t - ring of positive energy
MPRegen  0.12/turn              F - ring of protection from cold

@: lethally poisoned (-1 -> -1)
A: large, unfitting armour, claws 3, fast metabolism 3, gourmand, regeneration
1, shaggy fur 1, tough skin 3
a: Heroism, Finesse, Renounce Religion


You were on level 1 of the Lair of Beasts.
You worshipped Okawaru.
Okawaru was extremely pleased with you.
You were not hungry.

You visited 2 branches of the dungeon, and saw 11 of its levels.

You collected 519 gold pieces.

Inventory:

Missiles
 c - 11 large rocks (quivered)
 d - 2 throwing nets
 h - 216 stones
 s - 5 boomerangs of dispersal
Armour
 b - a +0 robe
 j - a +0 large shield (worn)
 l - a +0 troll leather armour (worn)
 q - a +2 hat of intelligence (worn)
Jewellery
 t - a ring of positive energy (left claw)
 A - an uncursed amulet of the acrobat
 F - a ring of protection from cold (right claw)
 H - a +5 amulet of reflection (around neck)
 J - a +3 ring of intelligence
Wands
 n - a wand of flame (16)
 r - a wand of paralysis (3)
 y - a wand of polymorph (8)
 G - a wand of enslavement (9)
Scrolls
 a - 5 scrolls of teleportation
 k - a scroll of magic mapping
 m - 7 scrolls of identify
 p - a scroll of remove curse
 u - a scroll of noise
 x - a scroll of blinking
 z - a scroll of fog {unknown}
Potions
 e - a potion of mutation {unknown}
 g - 3 potions of haste
 i - 5 potions of heal wounds
 o - a potion of brilliance {unknown}
 v - 4 potions of curing
 w - a potion of berserk rage {unknown}
 C - 2 potions of magic {unknown}
 E - a potion of resistance {unknown}
Comestibles
 f - 15 rations


   Skills:
 - Level 1.5 Fighting
 - Level 3.6 Throwing
 - Level 8.0 Dodging
 - Level 0.3 Stealth
 + Level 9.9 Shields
 - Level 8.0 Unarmed Combat


You had 10 spell levels left.
You didn't know any spells.
Your spell library contained the following spells:

 Spells                   Type           Power        Failure   Level  Hunger
 Infusion                 Chrm           #...         78%         1    ##.....
 Shock                    Conj/Air       #...         78%         1    ##.....
 Shroud of Golubria       Chrm/Tloc      #.....       89%         2    ###....
 Song of Slaying          Chrm           #.......     89%         2    ###....
 Swiftness                Chrm/Air       #.......     89%         2    ###....
 Regeneration             Chrm/Necr      #.........   98%         3    ####...
 Spectral Weapon          Hex/Chrm       #.......     98%         3    ####...
 Static Discharge         Conj/Air       #.......     98%         3    ####...
 Airstrike                Air            #.........   100%        4    #####..
 Lightning Bolt           Conj/Air       #.........   100%        5    ######.


Dungeon Overview and Level Annotations

Branches:
Dungeon (10/15)            Temple (0/1) D:7            Lair (1/6) D:8
    Orc: D:9-12

Altars:
Ashenzari
Dithmenos
Gozag
Nemelex Xobeh
Okawaru
Qazlal
Uskayaw
Vehumet
Wu Jian
Zin

Shops:
D:3 *

Annotations:
D:6 3 runed translucent doors, Goblin1989's ghost, novice DsHu
D:8 Erica


Innate Abilities, Weirdness & Mutations

You are too large for most types of armour.
You have claws for hands.
Your metabolism is lightning-fast.
You like to eat raw meat.
Your natural rate of healing is unusually fast.
You are covered in fur. (AC +1)
You have extremely tough skin. (AC +3)


Message History

The hippogriff is heavily wounded.
You feel sick. You block the hippogriff's attack. x3
You barely miss the hippogriff.
The hippogriff is heavily wounded.
You block the hippogriff's attack.
The hippogriff pecks you but does no damage.
The hippogriff barely misses you.
The electric eel shoots out a bolt of lightning at you!
The bolt of electricity hits you.
* * * LOW HITPOINT WARNING * * *
Your shield prevents you from hitting the hippogriff.
The hippogriff is heavily wounded.
You feel sick. You block the hippogriff's attack. The hippogriff pecks you.
* * * LOW HITPOINT WARNING * * *
The hippogriff closely misses you.
You closely miss the hippogriff.
The hippogriff is heavily wounded.
The electric eel shoots out a bolt of lightning at you!
The bolt of electricity hits you!
You die...

# #####
#.##...## .
##.......#....
#≈.≈≈H@.......
..≈≈≈≈≈≈≈≈.....
..≈≈≈≈≈≈≈≈≈≈...
..≈≈≈≈≈≈≈≈≈≈...
.≈.≈≈≈≈≈≈≈≈....
...≈≈≈≈;≈≈≈....
......≈≈≈......
...........#...


You could see a hippogriff and an electric eel.

Vanquished Creatures
  2 two-headed ogres
  Pikel (D:8)
  Psyche (D:8)
  A komodo dragon (D:10)
  A troll (D:9)
  A hornet (D:10)
  Prince Ribbit (D:6)
  2 hippogriffs (D:8)
  A vampire (D:9)
  A wraith (D:10)
  3 yaks (D:10)
  Duvessa (D:4)
  3 orc warriors (D:7)
  An ice beast (D:6)
  2 slaves (D:8)
  A black bear (D:7)
  2 necrophages (D:8)
  2 sky beasts
  4 phantoms
  3 centaurs
  4 ogres
  A big kobold (D:9)
  5 bullfrogs
  Dowan (D:4)
  3 scorpions (D:5)
  4 killer bees (D:10)
  A howler monkey (D:6)
  3 crimson imps
  2 hounds
  A gnoll shaman (D:4)
  2 orc priests (D:7)
  A jelly (D:10)
  12 orc wizards
  A centaur skeleton (D:4)
  An iguana (D:5)
  Ijyb (D:3)
  4 worker ants
  A hound skeleton (D:7)
  A howler monkey zombie (D:9)
  A worker ant zombie (D:8)
  10 gnolls
  18 adders
  2 shadow imps
  An ooze (D:3)
  2 adder skeletons
  4 worms
  A dart slug (D:1)
  3 leopard geckos
  24 orcs
  6 bats
  6 giant cockroaches
  5 goblins
  11 hobgoblins
  8 jackals (D:2)
  4 kobolds
  6 quokkas
  A ball python skeleton (D:6)
  3 frilled lizards
  8 rats
207 creatures vanquished.

Vanquished Creatures (others)
  2 slaves (D:8)
  An orc (D:8)
3 creatures vanquished.

Grand Total: 210 creatures vanquished

Notes
Turn   | Place    | Note
-------+----------+-------------------------------------------
     0 | D:1      | MisterFreud the Troll Hunter began the quest for the Orb.
     0 | D:1      | Reached XP level 1. HP: 19/19 MP: 0/0
    79 | D:1      | Reached skill level 1 in Unarmed Combat
    92 | D:1      | Reached XP level 2. HP: 25/27 MP: 1/1
   864 | D:2      | Reached XP level 3. HP: 30/33 MP: 2/2
   972 | D:2      | Reached XP level 4. HP: 36/41 MP: 3/3
  1284 | D:2      | Found a glowing silver altar of Zin.
  1284 | D:2      | Noticed an angel
  1553 | D:3      | Found a sparkling altar of Nemelex Xobeh.
  1697 | D:3      | Found Gozag's Platinum Reserve.
  1698 | D:3      | Found an opulent altar of Gozag.
  1782 | D:3      | Noticed Ijyb
  1791 | D:3      | Killed Ijyb
  1974 | D:3      | Reached XP level 5. HP: 48/48 MP: 4/4
  2178 | D:3      | Found an iron altar of Okawaru.
  2190 | D:3      | Reached skill level 5 in Unarmed Combat
  2546 | D:3      | Became a worshipper of Warmaster Okawaru
  2603 | D:4      | Noticed an ogre
  2609 | D:4      | Killed an ogre
  2630 | D:4      | Reached XP level 6. HP: 48/55 MP: 5/5
  2747 | D:4      | Reached * piety under Okawaru
  2770 | D:4      | Noticed Duvessa
  2770 | D:4      | Noticed Dowan
  2774 | D:4      | Killed Duvessa
  2783 | D:4      | Reached XP level 7. HP: 36/62 MP: 6/6
  2785 | D:4      | Killed Dowan
  2992 | D:4      | Reached ** piety under Okawaru
  2992 | D:4      | Reached skill level 1 in Shields
  3221 | D:5      | Entered Level 5 of the Dungeon
  3252 | D:5      | Reached skill level 2 in Shields
  3324 | D:5      | Found a shattered altar of Ashenzari.
  3350 | D:5      | Reached XP level 8. HP: 64/70 MP: 7/7
  3429 | D:5      | Found a hide-covered altar of Uskayaw.
  3838 | D:5      | Reached skill level 3 in Shields
  4128 | D:6      | Noticed Prince Ribbit
  4150 | D:6      | Killed Prince Ribbit
  4150 | D:6      | Reached *** piety under Okawaru
  4150 | D:6      | Reached skill level 4 in Shields
  4647 | D:6      | Reached skill level 5 in Dodging
  4655 | D:6      | Found a runed translucent gate.
  4655 | D:6      | Found a runed translucent gate.
  4655 | D:6      | Found a runed translucent gate.
  4655 | D:6      | Noticed Goblin1989's ghost (novice DsHu)
  4750 | D:7      | Reached XP level 9. HP: 67/76 MP: 8/8
  4754 | D:7      | Reached skill level 5 in Shields
  4790 | D:7      | Found a staircase to the Ecumenical Temple.
  4883 | D:7      | Reached **** piety under Okawaru
  5205 | D:7      | Reached skill level 6 in Shields
  5319 | D:8      | Noticed a two-headed ogre
  5324 | D:8      | Killed a two-headed ogre
  5342 | D:8      | Reached ***** piety under Okawaru
  5342 | D:8      | Reached skill level 7 in Shields
  5342 | D:8      | Reached XP level 10. HP: 37/85 MP: 9/9
  5435 | D:8      | You fall into a shaft and drop 1 floor!
  5633 | D:8      | Noticed Pikel
  5714 | D:8      | Found an ornate altar of the Wu Jian Council.
  5722 | D:8      | Noticed Psyche
  5738 | D:8      | Noticed Erica
  5764 | D:8      | Killed Pikel
  5774 | D:8      | Noticed a three-headed hydra
  5784 | D:8      | Noticed a two-headed ogre
  5959 | D:9      | Found a radiant altar of Vehumet.
  5960 | D:9      | Found a shadowy altar of Dithmenos.
  5982 | D:10     | Entered Level 10 of the Dungeon
  6000 | D:10     | Reached skill level 8 in Shields
  6035 | D:10     | Identified a scroll of acquirement
  6287 | D:10     | Reached skill level 9 in Shields
  6400 | D:10     | Noticed a two-headed ogre
  6415 | D:10     | Killed a two-headed ogre
  6415 | D:10     | Received a gift from Okawaru
  6514 | D:10     | Found a stormy altar of Qazlal.
  6714 | D:8      | Paralysed by Psyche for 3 turns
  6723 | D:8      | Killed Psyche
  6723 | D:8      | Reached XP level 11. HP: 41/91 MP: 10/10
  6761 | D:8      | Found a staircase to the Lair.
  6768 | Lair:1   | Entered Level 1 of the Lair of Beasts
  6772 | Lair:1   | Killed from afar by an electric eel

Levels and vault maps discovered:
D:1:      minmay_arrival_three_doors, layout_basic
D:2:      layout_loops_ring, zin_angel
D:3:      layout_loops_corners, overflow_temple_1_default,
          okawaru_altar_gauntlet_db, nicolae_gozag_zags_fifth_avenue, uniq_ijyb
D:4:      layout_loops_ring, uniq_duvessa
D:5:      layout_basic, lemuel_doored_altar, nicolae_ashenzari_panopticon,
          first_ration, hangedman_decor_points
D:6:      layout_loops_ring, ebering_ghost_rock_garden, uniq_prince_ribbit1
D:7:      layout_rooms, minmay_temple_entry_mini_moons
D:8:      layout_basic, lemuel_crystal_altar, lair_entry_dummy, hangedman_ranch
          [blue_anna_fruit_fields], uniq_psyche, uniq_erica, uniq_pikel
D:9:      layout_rooms, chequers_temple_overflow_statue_of_worship
D:10:     layout_loops_ring, nicolae_qazlal_style_of_elements
Lair:1:   layout_gridlike, portal_ice_cave_entry_ice_beasts,
          serial_bayou_shore_a, infiniplex_staircase_pool, uniq_fannar,
          uniq_sonja

Skill      XL: |  1  2  3  4  5  6  7  8  9 10 |
---------------+-------------------------------+-----
Unarmed Combat | 1 2 3 4 6 7 8 |  8.0
Dodging        | 3 5 7 8 |  8.0
Shields        | 2 4 7 9 |  9.9
Fighting       | |  1.5
Throwing       | |  3.6
Stealth        | |  0.3

Action                   |  1- 3 |  4- 6 |  7- 9 | 10-12 || total
-------------------------+-------+-------+-------+-------++-------
Melee: Unarmed           |   108 |   111 |   324 |   237 ||   780
Throw: Large rock        |       |     4 |     8 |       ||    12
  Use: Scroll            |       |       |       |    13 ||    13
  Eat: Chunk             |    14 |    15 |    26 |     7 ||    62
Armor: Robe              |    12 |       |       |       ||    12
       Troll leather arm |    30 |    45 |    64 |    29 ||   168
Dodge: Dodged            |    19 |    20 |    56 |    61 ||   156
Block: Large shield      |    70 |    70 |   228 |   231 ||   599
       Reflection        |       |       |       |     1 ||     1

Table legend:
 A = Non-vault XP
 B = Vault XP
 C = Vault XP percentage of total XP
 D = Non-vault monster count
 E = Vault monster count
 F = Vault count percentage of total count
                 A         B        C        D         E       F
            +---------+---------+-------+---------+---------+-------
      Total |    9450 |    1788 |  15.9 |     192 |      13 |   6.3
            +---------+---------+-------+---------+---------+-------
        D:1 |      23 |       0 |   0.0 |      12 |       0 |   0.0
        D:2 |     103 |       0 |   0.0 |      31 |       0 |   0.0
        D:3 |      67 |      69 |  50.7 |      17 |       7 |  29.2
        D:4 |     671 |     220 |  24.7 |      16 |       2 |  11.1
        D:5 |     589 |       0 |   0.0 |      16 |       0 |   0.0
        D:6 |     583 |     283 |  32.7 |      14 |       1 |   6.7
        D:7 |    1613 |       0 |   0.0 |      44 |       0 |   0.0
        D:8 |    1889 |    1119 |  37.2 |      13 |       2 |  13.3
        D:9 |     986 |      97 |   9.0 |       8 |       1 |  11.1
       D:10 |    2926 |       0 |   0.0 |      21 |       0 |   0.0
            +---------+---------+-------+---------+---------+-------
